 Dungeon Crawl Stone Soup version 0.31.0-32-g396128a36d (webtiles) character file.

Game seed: 12946125729700057965

710 TacoSundae the Carver (level 7, 0/54 HPs)
             Began as a Barachi Gladiator on Apr 13, 2024.
             Slain by an ogre
             ... wielding a +0 giant club
              (4 damage)
             ... on level 4 of the Dungeon.
             The game lasted 00:10:07 (3739 turns).

TacoSundae the Carver (Barachi Gladiator)           Turns: 3739, Time: 00:10:08

Health: 0/54       AC:  9    Str: 15    XL:     7   Next: 68%
Magic:  7/7        EV: 12    Int:  8    God:
Gold:   186        SH:  0    Dex: 16    Spells: 6/6 levels left

rFire   + . .        a - +0 long sword
rCold   . . .        (no shield)
rNeg    + . .        A - +0 ring mail {Will+}
rPois   .            c - +0 helmet
rElec   .            p - +0 cloak
rCorr   .            (no gloves)
SInv    .            i - +0 pair of boots
Will    +....        (no amulet)
Stlth   +            q - ring of protection from fire
HPRegen 0.29/turn    t - ring of positive energy
MPRegen 0.10/turn

%: no passive effects
@: hasted, quick
A: amphibious, slowness 1, strong legs 1, +LOS, wild magic 1
a: Hop


You were on level 4 of the Dungeon.
You visited 1 branch of the dungeon, and saw 5 of its levels.

You collected 186 gold pieces.

Inventory:

Hand Weapons
 a - a +0 long sword (weapon)
Missiles
 d - 3 throwing nets (quivered)
 e - a javelin
 k - 3 poisoned darts
 l - 4 boomerangs
Armour
 c - a +0 helmet (worn)
 i - a +0 pair of boots (worn)
 p - a +0 cloak (worn)
 A - a +0 ring mail of willpower (worn)
Jewellery
 q - a ring of protection from fire (left hand)
 t - a ring of positive energy (right hand)
 v - a +5 ring of evasion
Wands
 m - a wand of flame (10)
Scrolls
 g - 3 scrolls of teleportation {unknown}
 j - 3 scrolls of identify {unknown}
 o - a scroll of immolation {unknown}
 s - a scroll of vulnerability {unknown}
 w - a scroll of revelation {unknown}
 y - a scroll of summoning {unknown}
Potions
 f - 3 potions of attraction
 h - a potion of mutation
 r - a potion of berserk rage {unknown}
 u - a potion of magic {unknown}
 x - a potion of might {unknown}
 z - a potion of brilliance {unknown}


   Skills:
 + Level 4.0 Fighting
 * Level 8.9 Long Blades
 - Level 2.0 Throwing
 + Level 2.8 Armour
 + Level 4.4 Dodging


You had 6 spell levels left.
You didn't know any spells.
Your spell library contained the following spells:

 Spells                   Type           Power      Damage    Failure   Level
 Kiss of Death            Conj/Necr      0%         2d5       71%         1
 Magic Dart               Conj           0%         1d3       71%         1
 Mercury Vapours          Alch/Air       0%         N/A       83%         2
 Searing Ray              Conj           0%         2d4       83%         2
 Confusing Touch          Hex            0%         N/A       96%         3
 Mephitic Cloud           Conj/Alch/Air  0%         N/A       96%         3
 Dispel Undead            Necr           0%         3d6       100%        4
 Fulminant Prism          Conj/Alch      0%         3d5       100%        4
 Ignite Poison            Fire/Alch      0%         N/A       100%        4
 Sticky Flame             Fire/Alch      0%         2d4       100%        4
 Freezing Cloud           Conj/Ice/Air   0%         6-21      100%        5
 Ignition                 Fire           0%         3d3       100%        8


Dungeon Overview and Level Annotations

Branches:
Dungeon (5/15)
 Temple: D:4-7

Altars:


Innate Abilities, Weirdness & Mutations

You are amphibious.
You cover ground slowly.
You can hop short distances.
You have an extended range of vision and can be seen from far away.
Your spells are a little harder to cast, but a little more powerful.


Message History

a jackal corpse; a jackal corpse
There is a stone staircase leading down here.
Okay, then.
Unknown command.
Okay, then.
Unknown command.
Unknown command.
You climb downwards.
The ogre shouts!
The iguana hisses angrily.
You hear an angry hiss.
Found a scroll labelled VYUBLEVVAHE and a robe.
Found a stone staircase leading down.
There is a stone staircase leading up here.
The ogre misses you.
The iguana hisses menacingly.
You climb upwards.
There is a stone staircase leading down here.
Unknown command.
You barely miss the ogre. You barely miss the ogre.
The ogre hits you with a +0 giant club!
You hit the ogre.
The ogre is lightly wounded.
You hit the ogre.
The ogre is moderately wounded.
The ogre hits you with a +0 giant club!
You hit the ogre.
The ogre is severely wounded.
The ogre hits you with a +0 giant club!
You are too injured to fight recklessly!
You are too injured to fight recklessly!
It was a potion of haste.
You feel yourself speed up.
You hit the ogre.
The ogre is severely wounded.
The ogre hits you with a +0 giant club!
* * * LOW HITPOINT WARNING * * *
You hit the ogre.
The ogre is severely wounded.
You hit the ogre.
The ogre is severely wounded.
The ogre hits you with a +0 giant club.
You die...

.#### #........+.........##
'#..####........##.....#..#
#†...#..........##...#.#..#
'....#.##.#####........#..#
##..##.##.#####.#......(..#
##'##..##...........#..#.##
#[.##..##.###..........#.#
....#.###.###.......#..#.#
....#.# #.......@......#.#
#..##.###.###.#O.........#
####..#................###
#.............##.##.####
#.....###..#####.##.#
##.##.# #..# #.....# #.##.#
#..####...#.# #.##.#
#.........#.# #.##.#
#.######.<#.####


You could see an ogre.

Vanquished Creatures
  Sigmund (D:4)
  An ogre (D:4)
  2 scorpions (D:4)
  A bombardier beetle (D:4)
  3 hounds (D:4)
  A sleepcap (D:4)
  Jessica (D:3)
  2 iguanas (D:4)
  2 adders
  3 dart slugs
  2 ribbon worms
  2 orcs
  8 endoplasms
  6 giant cockroaches
  9 goblins
  8 hobgoblins
  7 jackals (D:4)
  6 kobolds
  6 quokkas
  6 ball pythons
  7 bats
  3 frilled lizards
  5 rats
92 creatures vanquished.

Notes
Turn   | Place    | Note
-------+----------+-------------------------------------------
     0 | D:1      | TacoSundae the Barachi Gladiator began the quest for the
                  | Orb.
     0 | D:1      | Reached XP level 1. HP: 17/17 MP: 1/1
   128 | D:1      | Reached skill level 4 in Long Blades
   174 | D:1      | Reached XP level 2. HP: 3/23 MP: 2/2
   847 | D:1      | Reached skill level 5 in Long Blades
   847 | D:1      | Reached XP level 3. HP: 26/28 MP: 3/3
  1721 | D:2      | Reached XP level 4. HP: 34/34 MP: 4/4
  1997 | D:3      | Noticed Jessica
  2006 | D:3      | Killed Jessica
  2007 | D:3      | Reached skill level 6 in Long Blades
  2646 | D:4      | Noticed a scorpion
  2653 | D:4      | Killed a scorpion
  2654 | D:4      | Reached skill level 7 in Long Blades
  2654 | D:4      | Reached XP level 5. HP: 39/39 MP: 5/5
  2802 | D:4      | Noticed Sigmund
  2828 | D:4      | Gained mutation: Your spells are a little harder to cast,
                  | but a little more powerful. [potion of mutation]
  2834 | D:4      | Killed Sigmund
  2835 | D:4      | Reached skill level 8 in Long Blades
  2835 | D:4      | Reached skill level 1 in Armour
  2835 | D:4      | Reached XP level 6. HP: 14/47 MP: 6/6
  3171 | D:4      | Reached XP level 7. HP: 42/52 MP: 7/7
  3728 | D:5      | Entered Level 5 of the Dungeon
  3739 | D:4      | Slain by an ogre

Illustrated notes

Levels and vault maps discovered:
D:1:      ncdulo_halloftheorcs, layout_basic
D:2:      layout_basic, guppyfry_early_lair_pool
D:3:      layout_loops_ring, uniq_jessica
D:4:      minmay_bubble_buster, layout_basic, uniq_sigmund
D:5:      layout_cave_pools, makhleb_blood_cavern_becter,
          minmay_temple_entry_junction, serial_shops, shop, minivault_19

Skill      XL: |  1  2  3  4  5  6  7 |
---------------+----------------------+-----
Long Blades    | 4 5 7 8 |  8.9
Fighting       | 3 4 |  4.0
Armour         | 1 2 |  2.8
Dodging        | 4 |  4.4
Throwing       | |  2.0

Action                     |  1- 3 |  4- 6 |  7- 9 || total
---------------------------+-------+-------+-------++-------
  Melee: Long sword        |   133 |    91 |    84 ||   308
         Punch             |     2 |     2 |     2 ||     6
  Evoke: Wand              |       |       |     1 ||     1
    Use: Potion            |       |     4 |     1 ||     5
   Stab: Sleeping          |     1 |     1 |       ||     2
 Armour: Leather armour    |    76 |    49 |    26 ||   151
         Ring mail         |       |       |     5 ||     5
  Dodge: Dodged            |    75 |    53 |    44 ||   172
